Map: Станция Кайрос РВ

Players

Murena

  • Race: Terran Terran
  • Spawn Location: 11:00

ИИ 1 (эксперт) - Winner!

  • Race: Protoss Protoss
  • Spawn Location: 5:00

VOD

Have the link to the VOD?

Description

Time

  • Played on: Feb. 26, 2019, 5:22 a.m.
  • Length: 10:51
Show
View Real Time Build Order
Export as new Build Order

Murena Terran 

Build Orders:  

Get SALT Encoding   

  12  0:00  SCV  
  13  0:12  SCV  
  14  0:21  Supply Depot  
  14  0:25  SCV  
  16  0:42  SCV  
  16  0:44  Barracks  
  16  0:52  Barracks  
  16  0:55  SCV  
  17  1:08  Barracks  
  17  1:09  SCV  
  18  1:21  SCV, Supply Depot  
  19  1:30  Marine  
  20  1:33  SCV  
  20  1:39  Marine  
  22  1:46  SCV  
  23  1:48  Marine  
  24  1:56  Marine  
  24  1:57  Marine  
  24  1:59  SCV  
  27  2:08  Marine  
  28  2:14  Marine  
  29  2:15  Marine  
  29  2:21  Command Center  
  30  2:26  Marine  
  31  2:31  Orbital Command  
  31  2:42  Supply Depot  
  31  2:43  Refinery  
  31  3:08  Marine x2  
  31  3:09  SCV, Marine  
  35  3:18  Command Center  
  35  3:21  SCV  
  36  3:27  Marine x2  
  36  3:28  Marine  
  36  3:33  SCV  
  40  3:37  Bunker  
  40  3:38  SCV  
  41  3:45  Marine  
  41  3:46  Marine  
  41  3:47  Marine  
  44  3:48  SCV  
  44  3:52  SCV  
  46  4:00  Refinery  
  46  4:02  SCV  
  47  4:05  Barracks Tech Lab, Barracks Reactor  
  47  4:06  Marine  
  47  4:08  SCV  
  49  4:14  Orbital Command  
  49  4:21  SCV  
  50  4:25  Marauder  
  50  4:26  Barracks Tech Lab  
  50  4:30  Combat Shield  
  52  4:34  SCV x2  
  54  4:38  Bunker  
  54  4:41  SCV  
  55  4:46  Supply Depot  
  55  4:47  Marauder x2  
  55  4:48  Marine  
  55  4:50  Concussive Shells  
  60  4:54  SCV x2  
  60  4:56  SCV  
  63  5:06  Refinery  
  63  5:07  Refinery  
  63  5:08  Marine  
  63  5:09  Marine  
  63  5:10  Marauder  
  63  5:11  Marauder  
  63  5:13  SCV x2  
  71  5:14  SCV  
  71  5:21  Supply Depot  
  72  5:25  Engineering Bay  
  72  5:26  SCV  
  72  5:27  SCV, Marine  
  72  5:28  Marine  
  75  5:30  SCV  
  77  5:40  Factory  
  77  5:42  SCV  
  78  5:43  SCV  
  78  5:44  SCV  
  78  5:45  Marauder  
  78  5:46  Marauder  
  84  5:53  Engineering Bay, Marine  
  84  5:56  Supply Depot  
  85  6:00  Missile Turret  
  85  6:02  Missile Turret  
  85  6:05  Missile Turret  
  85  6:06  Terran Infantry Weapons Level 1  
  85  6:09  Supply Depot  
  85  6:17  Marine  
  85  6:18  SCV x2  
  87  6:19  SCV  
  87  6:20  Marauder x2  
  93  6:26  Terran Infantry Armor Level 1, Supply Depot  
  93  6:28  Factory Tech Lab  
  93  6:31  SCV  
  93  6:32  SCV x2  
  96  6:38  Marine x2  
  98  6:41  Marauder  
  98  6:44  SCV  
  101  6:50  SCV x2  
  101  6:51  Marauder  
  105  6:57  SCV  
  105  7:01  Refinery  
  106  7:02  Refinery  
  106  7:03  Marauder, SCV  
  106  7:05  Command Center  
  109  7:11  Supply Depot  
  109  7:13  Supply Depot  
  109  7:17  Supply Depot  
  109  7:21  Armory  
  109  7:25  Starport  
  109  7:30  Barracks, Stimpack  
  109  7:35  SCV x2  
  109  7:36  SCV  
  112  7:41  Siege Tank  
  112  7:42  Marauder, Factory  
  112  7:43  Marauder, Marine  
  112  7:44  Marine  
  121  7:51  SCV  
  121  7:52  SCV x2  
  124  8:02  Starport Reactor  
  124  8:04  SCV  
  124  8:05  SCV x2  
  127  8:09  Supply Depot  
  127  8:11  Supply Depot  
  127  8:13  Marauder x2, Marine x2  
  127  8:17  Barracks  
  127  8:19  Terran Infantry Weapons Level 2  
  133  8:20  Supply Depot x2  
  133  8:23  Barracks  
  133  8:27  SCV x2  
  133  8:28  SCV x2  
  133  8:32  Barracks Tech Lab  
  133  8:33  Bunker  
  137  8:35  Marauder x2  
  137  8:36  Marine x2  
  137  8:39  Factory Tech Lab  
  137  8:40  Cyclone  
  146  8:42  SCV  
  146  8:43  SCV  
  146  8:44  SCV  
  146  8:45  SCV  
  150  8:50  Medivac  
  150  8:51  Medivac  
  150  8:53  Marauder  
  156  8:57  Marine  
  156  8:58  Marine  
  156  8:59  SCV x2  
  156  9:02  Orbital Command  
  160  9:04  Planetary Fortress  
  160  9:07  Marauder  
  160  9:08  Barracks Tech Lab  
  160  9:09  Marine  
  163  9:10  Marine  
  163  9:12  SCV  
  163  9:16  Thor  
  171  9:21  Thor  
  177  9:26  Supply Depot  
  177  9:27  SCV  
  177  9:28  SCV x2  
  180  9:41  Supply Depot  
  180  9:42  Supply Depot  
  180  9:45  Supply Depot, Armory  
  180  9:53  Command Center  
  180  9:54  SCV x2  
  180  9:55  SCV x2  
  180  9:56  Marauder x2  
  180  9:58  Marine x2  
Show
View Real Time Build Order
Export as new Build Order

ИИ 1 (эксперт) Protoss - Winner!

Build Orders: 1 Gate Expand 

Get SALT Encoding   

  12  0:00  Probe  
  13  0:13  Probe  
  14  0:20  Pylon  
  14  0:25  Probe  
  15  0:34  Probe  
  15  0:42  Probe  
  16  0:47  Assimilator  
  17  0:50  Gateway  
  17  0:51  Probe  
  18  0:59  Probe  
  18  1:00  Pylon  
  19  1:07  Probe  
  20  1:19  Probe  
  21  1:31  Probe  
  22  1:37  Nexus  
  22  1:43  Probe  
  23  1:47  Zealot  
  25  1:56  Probe  
  25  1:57  Cybernetics Core  
  26  2:05  Probe  
  26  2:14  Probe  
  27  2:21  Warp Gate  
  28  2:26  Probe, Pylon  
  29  2:34  Stalker  
  29  2:36  Gateway  
  31  2:39  Assimilator  
  31  2:44  Probe  
  32  2:49  Probe  
  33  2:55  Adept  
  33  2:58  Pylon  
  33  3:00  Probe  
  36  3:07  Probe  
  36  3:12  Probe  
  38  3:18  Stargate  
  38  3:21  Probe  
  38  3:24  Probe  
  38  3:25  Adept x2  
  44  3:33  Probe  
  45  3:36  Probe  
  46  3:45  Probe  
  46  3:48  Probe  
  48  3:53  Stargate  
  48  3:55  Adept  
  50  3:56  Probe  
  50  4:00  Probe  
  52  4:07  Probe  
  52  4:09  Zealot, Void Ray  
  54  4:11  Pylon  
  54  4:13  Probe  
  60  4:24  Pylon  
  60  4:29  Zealot  
  62  4:33  Void Ray  
  66  4:42  Probe x2  
  66  4:45  Pylon  
  68  4:50  Probe  
  68  4:54  Probe  
  70  5:00  Pylon  
  70  5:05  Gateway  
  70  5:06  Void Ray  
  74  5:10  Adept, Probe  
  74  5:13  Probe  
  78  5:15  Adept  
  78  5:21  Pylon  
  80  5:24  Assimilator  
  80  5:26  Assimilator  
  80  5:31  Stalker  
  82  5:35  Stalker  
  84  5:46  Probe  
  84  5:48  Probe  
  84  5:49  Forge  
  86  5:54  Stalker, Forge  
  86  5:55  Nexus  
  88  5:58  Sentry, Probe  
  88  6:00  Probe  
  88  6:03  Pylon  
  92  6:10  Void Ray  
  96  6:15  Protoss Ground Weapons Level 1  
  96  6:23  Pylon  
  96  6:27  Pylon  
  96  6:33  Protoss Ground Armor Level 1  
  96  6:39  Photon Cannon  
  96  6:42  Photon Cannon  
  96  6:43  Stalker  
  96  6:44  Robotics Facility  
  98  6:47  Stalker  
  98  6:52  Stalker  
  102  7:02  Photon Cannon  
  102  7:06  Stalker, Probe  
  102  7:07  Photon Cannon, Sentry  
  102  7:08  Probe x2  
  109  7:14  Probe  
  109  7:20  Probe  
  109  7:21  Assimilator, Probe  
  109  7:22  Probe  
  112  7:24  Pylon  
  112  7:25  Assimilator  
  112  7:27  Void Ray  
  117  7:32  Observer, Probe  
  117  7:33  Probe  
  117  7:34  Probe  
  121  7:37  Void Ray  
  125  7:44  Probe  
  125  7:45  Photon Cannon  
  125  7:46  Probe x2  
  128  7:52  Pylon  
  128  7:56  Probe  
  128  7:58  Probe x2  
  130  8:00  Twilight Council  
  131  8:08  Probe  
  131  8:10  Phoenix, Probe  
  135  8:13  Photon Cannon  
  135  8:14  Phoenix  
  135  8:16  Photon Cannon  
  135  8:17  Photon Cannon  
  135  8:22  Stargate  
  135  8:24  Stalker, Protoss Air Weapons Level 1  
  135  8:26  Pylon  
  139  8:27  Stalker  
  139  8:29  Blink  
  141  8:50  Warp Prism  
  141  8:51  Photon Cannon  
  141  8:52  Void Ray  
  141  8:54  Pylon  
  147  9:01  Void Ray  
  151  9:10  Oracle  
  151  9:12  Gateway  
  151  9:13  Pylon  
  151  9:15  Nexus  
  154  9:20  Zealot  
  156  9:25  Warp Prism  
  156  9:30  Photon Cannon  
  158  9:32  Robotics Facility  
  158  9:35  Oracle  
  161  9:39  Pylon  
  161  9:40  Zealot x2  
  161  9:41  Zealot  
  161  10:01  Zealot x3  
  161  10:02  Observer  
  161  10:03  Pylon  
  161  10:05  Zealot  
  136  10:19  Observer  
  136  10:20  Zealot  
  136  10:21  Adept x2  
  125  10:25  Stalker, Phoenix  
  135  10:33  Zealot  
  131  10:36  Adept, Sentry  
  131  10:42  Pylon  
  133  10:48  Zealot  
  136  10:51  Stalker, Zealot  
Tags
 
Add a new tag
Caveats
  • Supply blocks, unpowered buildings, or Contaminate may cause inaccurate times.
  • Supply counts are checked every 10 seconds.